Map: Orbital Shipyard

Players

SantaSam - Winner!

  • Race: Zerg Zerg

Bop

  • Race: Protoss Protoss

VOD

Have the link to the VOD?

Description

Time

  • Played on: May 3, 2015, 4:15 a.m.
  • Length: 3:20
Show
View Real Time Build Order
Export as new Build Order

SantaSam Zerg - Winner!

Build Orders: Pool First 

Get SALT Encoding   

  12  0:01  Drone  
  13  0:10  Drone  
  14  0:18  Overlord  
  14  0:33  Spawning Pool  
  13  0:36  Drone  
  13  0:40  Extractor  
  13  0:42  Drone  
  14  0:46  Drone  
  15  0:52  Drone  
  16  1:04  Drone  
  17  1:12  Drone  
  18  1:20  Queen  
  18  1:23  Roach Warren  
  19  1:29  Overlord  
  19  1:32  Drone  
  20  1:47  Drone  
  21  1:56  Burrow  
  21  2:04  Roach x2  
  25  2:17  Overlord  
  25  2:29  Roach x2  
  29  2:38  Roach x2  
  33  2:48  Hatchery  
  33  2:50  Roach  
Show
View Real Time Build Order
Export as new Build Order

Bop Protoss 

Build Orders:  

Get SALT Encoding   

  12  0:03  Probe  
  13  0:14  Pylon  
  13  0:18  Probe  
  14  0:32  Probe (Chrono Boost)  
  15  0:37  Gateway  
  15  0:42  Probe (Chrono Boost)  
  16  0:49  Probe  
  17  0:50  Assimilator  
  17  1:01  Probe  
  18  1:13  Probe (Chrono Boost)  
  19  1:18  Pylon  
  19  1:24  Cybernetics Core, Probe (Chrono Boost)  
  20  1:26  Gateway  
  20  1:44  Probe  
  21  1:51  Pylon  
  21  2:01  Adept (Chrono Boost)  
  23  2:10  Probe  
  23  2:13  Gateway  
  23  2:14  Gateway  
  23  2:15  Adept (Chrono Boost)  
  26  2:24  Adept  
  26  2:29  Probe  
  29  2:32  Assimilator  
  29  2:47  Adept  
  31  3:08  Pylon  
  37  3:15  Forge  
Tags
 
Add a new tag
Caveats
  • Supply blocks, unpowered buildings, or Contaminate may cause inaccurate times.
  • Supply counts are checked every 10 seconds.